[Event "Team 45 45 League T52"]
[Site "Internet Chess Club"]
[Date "2012.02.18"]
[Round "1"]
[White "CaoCao"]
[Black "CapitanTrueno"]
[Result "0-1"]
[WhiteElo "1861"]
[BlackElo "1819"]
[Opening "KGA: Kieseritsky, Berlin defense"]
[ECO "C39"]
[Time "17:13:51"]
[TimeControl "2700+45"]

1. e4 e5 2. f4 exf4 3. Nf3 g5 4. h4 g4 5. Ne5 Nf6 6. d4 d6 7. Nd3 Nxe4 8. Bxf4
Qe7 9. Qe2 Bg7 10. Nc3 Nxc3 11. Qxe7+ Kxe7 12. bxc3 Re8 13. Kd2 Kf8 14. Rh3 gxh3
{White resigns} 0-1

[Event "Team 45 45 League T52"]
[Site "Internet Chess Club"]
[Date "2012.02.18"]
[Round "1"]
[White "Pason"]
[Black "Greedy-Reedy"]
[Result "0-1"]
[WhiteElo "2050"]
[BlackElo "2066"]
[Opening "King's Indian, 3.Nf3"]
[ECO "E60"]
[Time "13:30:37"]
[TimeControl "2700+45"]

1. d4 Nf6 2. Nf3 g6 3. c4 c5 4. g3 Bg7 5. Bg2 O-O 6. O-O cxd4 7. Nxd4 Nc6 8. Nc2
d6 9. Nc3 Be6 10. Ne3 Qd7 11. Qd2 Bh3 12. b3 Bxg2 13. Kxg2 Ne4 14. Qc2 Nxc3 15.
Bb2 Nb4 {White resigns} 0-1

[Event "Team 45 45 League T52"]
[Site "Internet Chess Club"]
[Date "2012.02.20"]
[Round "1"]
[White "Heraclito"]
[Black "koni"]
[Result "1-0"]
[WhiteElo "2055"]
[BlackElo "1874"]
[Opening "Old Indian: Tartakower (Wade) variation"]
[ECO "A41"]
[Time "12:02:49"]
[TimeControl "2700+45"]

1. d4 d6 2. Nf3 Bg4 3. c4 Bxf3 4. exf3 e6 5. Nc3 Nf6 6. g4 c6 7. f4 d5 8. g5
Nfd7 9. Be3 Bd6 10. c5 Bc7 11. Qg4 b6 12. b4 a5 13. b5 bxc5 14. dxc5 cxb5 15.
Bxb5 O-O 16. Rc1 e5 17. Nxd5 exf4 18. Nxf4 Ne5 19. Qg2 Na6 20. O-O Qxg5 21. Qxg5
Nf3+ 22. Kg2 Nxg5 23. Nd5 Ne6 24. Rfd1 Be5 25. Nb6 Ra7 26. Bxa6 Rxa6 27. Nd7 Bf4
28. Nxf8 Kxf8 29. c6 Bc7 30. a4 Ke8 31. h4 g6 32. Kf3 h5 33. Ke4 Bd8 34. Kd5 Ra8
35. Rc4 Bc7 36. Rb1 Rd8+ 37. Ke4 Ke7 38. Rb7 Rc8 39. Bb6 Kd6 40. Bxc7+ Nxc7 41.
Ra7 Ra8 42. Rd4+ Kxc6 43. Rc4+ Kb6 44. Raxc7 {Black resigns} 1-0

[Event "Team 45 45 League T52"]
[Site "Internet Chess Club"]
[Date "2012.02.18"]
[Round "1"]
[White "poni"]
[Black "The7thGuest"]
[Result "0-1"]
[WhiteElo "1879"]
[BlackElo "2064"]
[Opening "King's Indian: orthodox, 7...Nbd7"]
[ECO "E94"]
[Time "07:59:32"]
[TimeControl "2700+45"]

1. Nf3 Nf6 2. c4 g6 3. Nc3 Bg7 4. e4 d6 5. d4 O-O 6. Be2 Nbd7 7. O-O e5 8. Be3
Ng4 9. Bg5 f6 10. Bd2 f5 11. d5 Nc5 12. b4 Nxe4 13. Nxe4 fxe4 14. Ng5 Nf6 15.
Qc1 h6 16. Ne6 Bxe6 17. dxe6 Kh7 18. c5 d5 19. a4 Qe7 20. c6 b6 21. a5 Qxe6 22.
axb6 axb6 23. Qc2 d4 24. Bc4 Qf5 25. Qb3 Rxa1 26. Rxa1 Ng4 27. Rf1 Nxf2 {White
resigns} 0-1

[Event "Team 45 45 League T52"]
[Site "Internet Chess Club"]
[Date "2012.02.19"]
[Round "1"]
[White "Beetlejuice"]
[Black "expectnomercy"]
[Result "1/2-1/2"]
[WhiteElo "1832"]
[BlackElo "1831"]
[Opening "Catalan opening"]
[ECO "E00"]
[Time "10:00:32"]
[TimeControl "2700+45"]

1. d4 Nf6 2. c4 e6 3. g3 Bb4+ 4. Bd2 Qe7 5. Nc3 c5 6. a3 Bxc3 7. Bxc3 Ne4 8. Rc1
Nxc3 9. Rxc3 O-O 10. Bg2 Nc6 11. Nf3 d6 12. O-O Rb8 13. Qd3 cxd4 14. Nxd4 Ne5
15. Qd2 Bd7 16. Rd1 Rfc8 17. b3 a6 18. Nc2 Qf6 19. Qxd6 Bc6 20. Bxc6 Nxc6 21.
Qd2 Ne5 22. Qf4 Qxf4 23. gxf4 Ng6 24. e3 Kf8 25. Nd4 {Game drawn by mutual
agreement} 1/2-1/2

[Event "Team 45 45 League T52"]
[Site "Internet Chess Club"]
[Date "2012.02.18"]
[Round "1"]
[White "ferrari9182"]
[Black "HomerSimpson"]
[Result "1-0"]
[WhiteElo "1948"]
[BlackElo "2093"]
[Opening "QGD Slav defense"]
[ECO "D10"]
[Time "22:04:25"]
[TimeControl "2700+45"]

1. d4 d5 2. c4 c6 3. Nc3 Nf6 4. g3 e6 5. Bg2 Be7 6. Nf3 O-O 7. O-O b6 8. Re1
Nbd7 9. Bf4 Bb7 10. cxd5 exd5 11. Rc1 Nh5 12. Bd2 f5 13. h3 Bd6 14. Ng5 Qe8 15.
e4 fxe4 16. Ncxe4 dxe4 17. Bxe4 Nhf6 18. Bxh7+ Nxh7 19. Qb3+ Kh8 20. Rxe8 Raxe8
21. Nf7+ Rxf7 22. Qxf7 Re7 23. Qf5 Nhf6 24. Bf4 Bxf4 25. Qxf4 Nd5 26. Qd2 Kg8
27. Re1 Rxe1+ 28. Qxe1 Kf7 29. Qe4 a5 30. h4 N7f6 31. Qe5 Bc8 32. f3 Be6 33. g4
Ne7 34. g5 Nfd5 35. h5 Bf5 36. g6+ Kf8 37. Qb8+ Bc8 38. Qd6 Ke8 39. Qe5 Kf8 40.
Kf2 a4 41. Qg5 Bf5 42. Qg3 b5 43. Qd6 Ke8 44. a3 Nf6 45. Qb8+ Bc8 46. Qe5 Kf8
47. h6 Nxg6 48. h7 Kf7 49. Qb8 Be6 50. h8=Q Nxh8 51. Qxh8 g5 52. Qh6 g4 53. f4
Ne4+ 54. Ke3 Nf6 55. Qg5 Bd5 56. f5 Ne8 57. Qxg4 Kf8 58. Qg6 Ke7 59. Kf4 Nf6 60.
Qg1 Kf7 61. Ke5 Nd7+ 62. Kd6 Nf8 63. Qg5 Bf3 64. Qe7+ Kg8 65. f6 {Black resigns}
1-0

[Event "Team 45 45 League T52"]
[Site "Internet Chess Club"]
[Date "2012.02.19"]
[Round "1"]
[White "creditordebit"]
[Black "bobhill"]
[Result "1-0"]
[WhiteElo "1627"]
[BlackElo "1983"]
[Opening "Sicilian: dragon, Yugoslav attack, 12.h4"]
[ECO "B79"]
[Time "18:28:53"]
[TimeControl "2700+45"]

1. e4 c5 2. Nf3 d6 3. d4 cxd4 4. Nxd4 Nf6 5. Nc3 g6 6. Be3 Bg7 7. f3 Nc6 8. Qd2
O-O 9. Bc4 Bd7 10. O-O-O Qa5 11. Bb3 Rfc8 12. h4 Ne5 13. g4 Nc4 14. Bxc4 Rxc4
15. h5 Rac8 16. Nb3 Qa6 17. hxg6 fxg6 18. e5 dxe5 19. g5 Bf5 20. gxf6 Bxf6 21.
Kb1 b5 22. Qh2 h5 23. Rd2 Rxc3 24. bxc3 Rxc3 25. Qg1 Qa3 26. Bc5 b4 27. Qc1
Rxb3+ 28. axb3 Qxb3+ 29. Qb2 Qxf3 30. Rhd1 b3 31. Rd3 Qe2 32. Qxb3+ Kh7 33. Bxe7
Bg7 34. R3d2 Qg4 35. Bc5 Be6 36. Qb4 Qf3 37. Rd3 Qg2 38. Rg1 Qe2 39. Qd2 Qe4 40.
Qb4 Qe2 41. Bxa7 Bf5 42. Rd2 Qa6 43. Bc5 Be6 44. c3 Bf5+ 45. Kb2 e4 46. Ra1 Qe6
47. Rd6 Qe5 48. Bd4 Qh2+ 49. Kb3 e3 50. Ra2 e2 51. Qb7 Kh6 52. Qxg7+ Kg5 53.
Bf6+ Kg4 54. Rd4+ Kh3 55. Rh4+ Kg3 56. Be5+ Kxh4 57. Bxh2 e1=Q 58. Qd4+ Kh3 59.
Qf2 Qe6+ 60. c4 Bc2+ 61. Rxc2 Qg4 62. Rc3+ {Black resigns} 1-0

[Event "Team 45 45 League T52"]
[Site "Internet Chess Club"]
[Date "2012.02.17"]
[Round "1"]
[White "ChessAuthor"]
[Black "Rookmaster"]
[Result "1-0"]
[WhiteElo "1735"]
[BlackElo "1627"]
[Opening "Sicilian: Najdorf"]
[ECO "B90"]
[Time "21:00:44"]
[TimeControl "2700+45"]

1. e4 c5 2. Nf3 d6 3. d4 cxd4 4. Nxd4 Nf6 5. Nc3 a6 6. a4 e6 7. Bg5 Be7 8. Be2
O-O 9. O-O Bd7 10. a5 Nc6 11. Nb3 Qc7 12. f4 Rfd8 13. Qe1 Ne8 14. Bxe7 Nxe7 15.
Qh4 Bc6 16. f5 exf5 17. exf5 Nf6 18. g4 Nfd5 19. g5 Ne3 20. f6 Nxf1 21. fxe7
Qxe7 22. Rxf1 Qe3+ 23. Rf2 Re8 24. Qf4 Qxf4 25. Rxf4 Re3 26. Bc4 d5 27. Nxd5
Bxd5 28. Bxd5 Re7 29. h4 Rd8 30. c4 Rde8 31. Rf2 Re1+ 32. Kg2 R8e7 33. Nc5 R1e2
34. Nxb7 Rxf2+ 35. Kxf2 Kf8 36. Nc5 f6 37. gxf6 gxf6 38. b4 Ra7 39. Ke3 Kg7 40.
Kf4 Kh6 41. Nb3 {Black resigns} 1-0

[Event "Team 45 45 League T52"]
[Site "Internet Chess Club"]
[Date "2012.02.19"]
[Round "1"]
[White "JeremyWa"]
[Black "loudoun"]
[Result "0-1"]
[WhiteElo "1722"]
[BlackElo "1641"]
[Opening "Pirc: classical (two knights) system"]
[ECO "B08"]
[Time "12:37:13"]
[TimeControl "2700+45"]

1. Nf3 d6 2. d4 Nf6 3. Nc3 g6 4. e4 Bg7 5. Bc4 O-O 6. Qe2 Bg4 7. h3 Bxf3 8. Qxf3
Nc6 9. Be3 e5 10. d5 Nd4 11. Qd1 Nd7 12. Nb1 Qh4 13. Nd2 f5 14. c3 fxe4 15. g3
Qe7 16. Nxe4 Nf3+ 17. Kf1 h6 18. h4 Rae8 19. Be2 Nd4 20. Kg2 c6 21. Bc4 Nb6 22.
Bd3 cxd5 23. Nxd6 Qxd6 24. cxd4 e4 25. Be2 Nc8 26. Qd2 Kh7 27. h5 g5 28. Rhc1
Ne7 29. Rc3 Nf5 30. Bg4 Qf6 31. Rc7 Kh8 32. Bxf5 Qxf5 33. Rxb7 Qf3+ 34. Kg1 Qxh5
35. Rxa7 Qh3 36. Rc1 Rf3 37. b4 Ref8 38. Qe1 h5 39. Rcc7 Rg8 40. Bxg5 Rxg3+ 41.
fxg3 Bxd4+ 42. Be3 Rxg3+ 43. Qxg3 Qxg3+ 44. Kf1 Qf3+ 45. Ke1 Qxe3+ {White
resigns} 0-1

[Event "Team 45 45 League T52"]
[Site "Internet Chess Club"]
[Date "2012.02.18"]
[Round "1"]
[White "hewdondada"]
[Black "Buford-Julep"]
[Result "1/2-1/2"]
[WhiteElo "1730"]
[BlackElo "1640"]
[Opening "QGD: exchange, positional line, 6.Qc2"]
[ECO "D36"]
[Time "20:01:06"]
[TimeControl "2700+45"]

1. d4 Nf6 2. c4 e6 3. Nc3 d5 4. cxd5 exd5 5. Bg5 c6 6. Qc2 Be7 7. Nf3 g6 8. e3
Bf5 9. Bd3 Bxd3 10. Qxd3 Nbd7 11. Bh6 Bf8 12. Bxf8 Nxf8 13. O-O N8d7 14. b4 a6
15. e4 dxe4 16. Nxe4 O-O 17. Rad1 Nxe4 18. Qxe4 Re8 19. Qf4 Nf6 20. Ne5 Qe7 21.
a3 Nd5 22. Qg3 Qd6 23. Qf3 Qf6 24. Qh3 Nf4 25. Qh6 Rad8 26. Nf3 Rd5 27. Rde1
Rdd8 28. Rxe8+ Rxe8 29. Ne5 Ne2+ 30. Kh1 Nxd4 31. Nd7 Qg7 32. Qf4 Nf5 33. g4 f6
34. gxf5 Qxd7 35. fxg6 Qd5+ 36. f3 hxg6 37. Qxf6 Qf5 38. Qd4 Re6 39. Qd8+ Kg7
40. Qd7+ Qf7 41. Qd4+ Rf6 42. Kg2 Kg8 43. Rf2 Rf4 44. Qd8+ Kg7 45. Qg5 Qf6 46.
Qg3 Qh4 47. Rd2 Qxg3+ 48. hxg3 Rf6 49. Rd7+ Rf7 50. Rd6 Rf6 51. Rd4 b6 52. f4 c5
53. bxc5 bxc5 54. Rc4 Rc6 55. Kf3 Kf7 56. g4 Kf6 57. a4 Ke6 58. Ke4 a5 59. g5
Rc7 60. Rc1 c4 61. Rc3 Rc5 62. Kd4 Rf5 63. Rf3 Rf7 64. Kxc4 Rb7 65. Re3+ Kf7 66.
Re4 Rb4+ 67. Kd5 Rb6 68. Rc4 Ke7 69. Rc7+ Kf8 70. Ke5 Rb4 71. Ra7 Rxa4 72. f5
gxf5 73. Kxf5 Ra2 74. Kg6 a4 75. Ra5 a3 76. Kf6 Rf2+ 77. Ke5 a2 78. Ke4 Kg7 79.
Ke3 Rg2 80. Kf3 Rg1 81. Rxa2 {Game drawn by mutual agreement} 1/2-1/2

[Event "Team 45 45 League T52"]
[Site "Internet Chess Club"]
[Date "2012.02.19"]
[Round "1"]
[White "losscause"]
[Black "RamRock"]
[Result "1/2-1/2"]
[WhiteElo "1628"]
[BlackElo "1766"]
[Opening "Dutch"]
[ECO "A80"]
[Time "20:31:03"]
[TimeControl "2700+45"]

1. d4 f5 2. Nc3 Nf6 3. Bg5 e6 4. e4 fxe4 5. Nxe4 Be7 6. Bxf6 Bxf6 7. Nf3 Qe7 8.
Qd2 d6 9. Bd3 Nc6 10. c3 Bd7 11. O-O-O O-O-O 12. Rhe1 h6 13. Qe2 Rde8 14. Qc2 e5
15. d5 Nd8 16. Kb1 Kb8 17. Qb3 b6 18. c4 Nb7 19. Qc3 Nc5 20. Nxc5 dxc5 21. Qc2
Qd6 22. Re3 Bg4 23. Be4 Bg5 24. Ra3 Bxf3 25. Rxf3 Rhf8 26. Rdd3 Rf4 27. Ra3 Ref8
28. Qa4 a5 29. Rxf4 exf4 30. Qb3 Ka7 31. Qc2 f3 32. g3 Qe5 33. h4 Be7 34. Re3
Bd6 35. Bxf3 Qd4 36. Re4 Qf6 37. Re3 Kb7 38. Qe4 Qf5 39. Qxf5 Rxf5 40. g4 Re5
41. Kc2 Kc8 {Game drawn by mutual agreement} 1/2-1/2

[Event "Team 45 45 League T52"]
[Site "Internet Chess Club"]
[Date "2012.02.19"]
[Round "1"]
[White "eagle"]
[Black "Salvatore"]
[Result "1-0"]
[WhiteElo "1477"]
[BlackElo "1514"]
[Opening "Réti opening"]
[ECO "A30"]
[Time "11:40:45"]
[TimeControl "2700+45"]

1. Nf3 c5 2. c4 Nf6 3. Nc3 g6 4. d4 cxd4 5. Nxd4 Bg7 6. e4 O-O 7. Be2 Nc6 8. Be3
Nxd4 9. Bxd4 a6 10. O-O d6 11. f3 Bd7 12. Rc1 Rc8 13. Qd2 h5 14. Nd5 Nxd5 15.
cxd5 Bxd4+ 16. Qxd4 Qa5 17. Bc4 Rc7 18. a3 Rfc8 19. Rc3 b5 20. b4 Qa4 21. Bb3
Qxa3 22. Rxc7 Rxc7 23. Qb6 Rc1 24. Qd8+ Kg7 25. Qxd7 Rxf1+ 26. Kxf1 Qc1+ 27. Kf2
Qb2+ 28. Kg3 Qxb3 29. Qxe7 Qxb4 30. e5 Qe1+ 31. Kf4 dxe5+ 32. Qxe5+ Qxe5+ 33.
Kxe5 Kf8 34. Kd6 Ke8 35. Kc7 {Black resigns} 1-0

[Event "Team 45 45 League T52"]
[Site "Internet Chess Club"]
[Date "2012.02.18"]
[Round "1"]
[White "Lee-D"]
[Black "seattleblues"]
[Result "1-0"]
[WhiteElo "1442"]
[BlackElo "1478"]
[Opening "Réti v Dutch"]
[ECO "A04"]
[Time "21:00:32"]
[TimeControl "2700+45"]

1. Nf3 f5 2. g3 Nf6 3. Bg2 d6 4. O-O e5 5. d3 Be7 6. Nbd2 O-O 7. e4 Nc6 8. c3
Kh8 9. Re1 Qe8 10. Qc2 f4 11. Nf1 Qh5 12. gxf4 Bh3 13. Ng3 Qg4 14. Bh1 Nh5 15.
f5 Nf4 16. d4 Bg2 17. Bxg2 Nxg2 18. Kxg2 d5 19. h3 {Black resigns} 1-0

[Event "Team 45 45 League T52"]
[Site "Internet Chess Club"]
[Date "2012.02.21"]
[Round "1"]
[White "obaut"]
[Black "milesotoole"]
[Result "0-1"]
[WhiteElo "1362"]
[BlackElo "1579"]
[Opening "Sicilian: Smith-Morra gambit"]
[ECO "B21"]
[Time "10:08:41"]
[TimeControl "2700+45"]

1. e4 c5 2. d4 cxd4 3. c3 dxc3 4. bxc3 Nc6 5. f4 d6 6. Nf3 Nf6 7. Nbd2 g6 8. Bc4
d5 9. e5 dxc4 10. exf6 exf6 11. Qe2+ Qe7 12. Qxe7+ Nxe7 13. Nxc4 Nd5 14. Bd2 b5
15. Nb2 Bc5 16. c4 bxc4 17. Nxc4 Ba6 18. Rc1 O-O 19. g3 Rfe8+ 20. Kd1 Rad8 21.
Re1 Nb4 22. Rxe8+ Rxe8 23. Na5 Be2+ 24. Ke1 Bxf3+ {White resigns} 0-1

[Event "Team 45 45 League T52"]
[Site "Internet Chess Club"]
[Date "2012.02.18"]
[Round "1"]
[White "Iowa-Archer"]
[Black "Conjurer"]
[Result "0-1"]
[WhiteElo "1306"]
[BlackElo "1439"]
[Opening "Nimzo-Indian: classical variation"]
[ECO "E32"]
[Time "12:00:53"]
[TimeControl "2700+45"]

1. d4 Nf6 2. c4 e6 3. Nc3 Bb4 4. Qc2 b6 5. Nf3 Bb7 6. a3 Be4 7. Qa4 Bxc3+ 8.
bxc3 O-O 9. Bg5 d6 10. c5 Qd7 11. Qxd7 Nbxd7 12. g3 bxc5 13. dxc5 Nxc5 14. Bxf6
gxf6 15. Bg2 Rab8 16. O-O Rb2 17. Nd4 Bxg2 18. Kxg2 Nb3 19. Rad1 Nxd4 20. Rxd4
Rxe2 21. Rg4+ Kh8 22. Kf3 Rb2 23. h4 h5 24. Rf4 f5 25. g4 fxg4+ 26. Ke4 f5+ 27.
Kd3 Rfb8 28. Rb4 c5 29. Ra4 R8b7 30. Ra6 R2b6 31. Rxb6 Rxb6 32. Kc4 Kg7 33. f3
Kg6 34. fxg4 a5 35. Re1 hxg4 36. Rxe6+ Kh5 37. Kd5 Kxh4 38. Rh6+ Kg5 39. Rh1 f4
40. Ke4 f3 41. Ke3 d5 42. Kf2 Kf4 43. Rd1 g3+ 44. Kf1 Ke3 45. Ke1 f2+ 46. Kf1
Rg6 47. Kg2 d4 48. cxd4 cxd4 49. Re1+ fxe1=Q 50. a4 Qf2+ 51. Kh3 Qh2# {White
checkmated} 0-1

[Event "Team 45 45 League T52"]
[Site "Internet Chess Club"]
[Date "2012.02.18"]
[Round "1"]
[White "chesschessboy"]
[Black "doublepar"]
[Result "0-1"]
[WhiteElo "1383"]
[BlackElo "1537"]
[Opening "French: Burn variation"]
[ECO "C11"]
[Time "17:45:50"]
[TimeControl "2100+45"]

1. e4 e6 2. d4 d5 3. Nc3 Nf6 4. Bg5 dxe4 5. Nxe4 Be7 6. Bxf6 Bxf6 7. Nf3 O-O 8.
Bc4 Nc6 9. c3 e5 10. dxe5 Bxe5 11. O-O Bf4 12. Ng3 Bg4 13. Qxd8 Raxd8 14. Ne1
Ne5 15. Be2 Bxg3 16. Bxg4 Bxf2+ 17. Rxf2 Nxg4 18. Rf4 Nf6 19. Nc2 Rfe8 20. Raf1
c5 21. Rf5 b6 22. Rg5 Ne4 23. Rgf5 Rd2 24. Rc1 g6 25. Rff1 Red8 26. Rfe1 f5 27.
a3 b5 28. Kf1 Rf2+ 29. Kg1 Rdd2 30. Ne3 f4 31. Nf1 Rxg2+ 32. Kh1 Rde2 33. Rcd1
f3 34. Rd8+ Kf7 35. Rxe2 fxe2 36. Kxg2 e1=Q 37. Rd7+ Ke6 38. Rxa7 Qf2+ 39. Kh3
Qxf1+ 40. Kg4 Qf5+ 41. Kh4 Qh5# {White checkmated} 0-1

[Event "Team 45 45 League T52"]
[Site "Internet Chess Club"]
[Date "2012.02.16"]
[Round "1"]
[White "oldprez"]
[Black "joshq03"]
[Result "1-0"]
[WhiteElo "1485"]
[BlackElo "1453"]
[Opening "Sicilian: Labourdonnais-Löwenthal variation"]
[ECO "B32"]
[Time "18:31:11"]
[TimeControl "2700+45"]

1. e4 c5 2. Nf3 Nc6 3. d4 cxd4 4. Nxd4 e5 5. Nxc6 bxc6 6. Nc3 Nf6 7. Be2 h6 8.
Be3 Bb4 9. Qd3 d5 10. exd5 cxd5 11. Qb5+ Bd7 12. Qxb4 d4 13. Bxd4 Rb8 14. Bb5
exd4 15. O-O dxc3 16. Rfe1+ {Black resigns} 1-0

[Event "Team 45 45 League T52"]
[Site "Internet Chess Club"]
[Date "2012.02.19"]
[Round "1"]
[White "papricka205"]
[Black "radiohead"]
[Result "0-1"]
[WhiteElo "1425"]
[BlackElo "1435"]
[Opening "Sicilian: Scheveningen, Vitolin's variation"]
[ECO "B80"]
[Time "07:30:42"]
[TimeControl "2700+45"]

1. e4 c5 2. Nf3 e6 3. d4 cxd4 4. Nxd4 Nf6 5. Nc3 d6 6. Bb5+ Bd7 7. Bxd7+ Qxd7 8.
O-O Be7 9. Be3 a6 10. Qd3 O-O 11. f4 Nc6 12. Rad1 Rac8 13. a3 b5 14. a4 bxa4 15.
Qxa6 Nb4 16. Qxa4 Qxa4 17. Nxa4 Nxc2 18. Nxc2 Rxc2 19. Rd2 Rxd2 20. Bxd2 Nxe4
21. Be3 f5 22. b4 Rb8 23. Rb1 Rb5 24. Bd4 d5 25. Nc3 Rxb4 26. Rxb4 Bxb4 27. Nxe4
dxe4 28. Kf2 Bd6 29. Ke3 Kf7 30. Be5 Bxe5 31. fxe5 g5 32. g3 Ke7 33. Kd4 Kd7 34.
Ke3 Kc6 35. Kd4 e3 36. Kxe3 Kd5 37. Kf3 Kxe5 38. Ke3 g4 39. Kd3 f4 40. gxf4+
Kxf4 41. Ke2 e5 42. Kf2 Ke4 43. Ke2 h6 44. Kf2 Kd3 45. Ke1 Ke3 46. Kf1 Kd2 47.
Kf2 e4 48. Kg3 e3 49. Kxg4 e2 50. Kh5 e1=Q 51. Kxh6 Qh4+ 52. Kg6 Qxh2 53. Kf5
Qg3 54. Ke4 Ke2 55. Kd4 Qe3+ 56. Kd5 Kd3 57. Kd6 Qe4 58. Kc5 Qd4+ 59. Kc6 Kc4
60. Kc7 Kc5 61. Kb7 Qd5+ 62. Kc7 Qd6+ 63. Kb7 Qb6+ 64. Ka8 Qb5 65. Ka7 Kc6 66.
Ka8 Qb7# {White checkmated} 0-1

[Event "Team 45 45 League T52"]
[Site "Internet Chess Club"]
[Date "2012.02.19"]
[Round "1"]
[White "adamredsox"]
[Black "IceBox"]
[Result "0-1"]
[WhiteElo "1625"]
[BlackElo "1816"]
[Opening "Caro-Kann: exchange, Rubinstein variation"]
[ECO "B13"]
[Time "16:00:45"]
[TimeControl "2700+45"]

1. e4 c6 2. d4 d5 3. exd5 cxd5 4. Bd3 Nc6 5. c3 Nf6 6. Bf4 e6 7. Nf3 Be7 8. O-O
O-O 9. Qc2 g6 10. Nbd2 Re8 11. Rfe1 Nh5 12. Bh6 Bf6 13. Ne5 Nxe5 14. dxe5 Bg5
15. Bxg5 Qxg5 16. Nf3 Qf4 17. Nd4 Bd7 18. g3 Qg5 19. h4 Qe7 20. Bb5 Bxb5 21.
Nxb5 Ng7 22. Qb3 Nf5 23. Nd4 Rec8 24. Nxf5 gxf5 25. Rad1 Rc4 26. Rd4 Rxd4 27.
cxd4 Rc8 28. Re3 Rc4 29. Qd1 Kg7 30. Rc3 Qb4 31. Rxc4 dxc4 32. Qc2 Qe1+ 33. Kg2
b5 34. Kf3 a5 35. a3 b4 36. axb4 axb4 37. Qe2 Qb1 38. Kg2 c3 39. bxc3 bxc3 40.
Qh5 h6 41. g4 fxg4 {White resigns} 0-1

[Event "Team 45 45 League T52"]
[Site "Internet Chess Club"]
[Date "2012.02.26"]
[Round "1"]
[White "calily"]
[Black "Kingofknights"]
[Result "1-0"]
[WhiteElo "1723"]
[BlackElo "1612"]
[Opening "Queen's pawn game, Darooha variation "]
[ECO "D02"]
[Time "10:07:28"]
[TimeControl "2700+45"]

1. Nf3 d5 2. d4 Nf6 3. g3 c6 4. Bg2 Bf5 5. O-O Nbd7 6. Nbd2 h6 7. c4 e6 8. b3
Ne4 9. Nxe4 Bxe4 10. Bf4 c5 11. cxd5 Bxd5 12. Ne5 Nxe5 13. Bxe5 f6 14. Bxd5 Qxd5
15. Bf4 cxd4 16. Rc1 e5 17. Bd2 Bd6 18. Rc4 O-O 19. Qc1 Qe6 20. e3 dxe3 21. Bxe3
a6 22. Rd1 Rac8 23. Rxd6 Rxc4 24. Rxe6 Rxc1+ 25. Bxc1 Rd8 26. Be3 {Black
resigns} 1-0

[Event "Team 45 45 League T52"]
[Site "Internet Chess Club"]
[Date "2012.02.18"]
[Round "1"]
[White "surinder"]
[Black "PANAMA-REY"]
[Result "1-0"]
[WhiteElo "1613"]
[BlackElo "1470"]
[Opening "KGA: Fischer defense"]
[ECO "C30"]
[Time "10:00:34"]
[TimeControl "2700+45"]

1. e4 e5 2. f4 d6 3. Nf3 exf4 4. Bc4 Be7 5. O-O Bg4 6. d4 Nc6 7. Bxf4 Nf6 8. e5
Nh5 9. exd6 cxd6 10. Bxf7+ Kxf7 11. Ng5+ Kg8 12. Qxg4 Nxf4 13. Qxf4 Qf8 14. Qe4
{Black resigns} 1-0

[Event "Team 45 45 League T52"]
[Site "Internet Chess Club"]
[Date "2012.02.18"]
[Round "1"]
[White "kabubi"]
[Black "j4ucgantp"]
[Result "0-1"]
[WhiteElo "1136"]
[BlackElo "1460"]
[Opening "King's pawn game"]
[ECO "C20"]
[Time "11:00:34"]
[TimeControl "2700+45"]

1. e4 e5 2. g3 Nc6 3. Bg2 Bc5 4. Nf3 Nf6 5. d3 O-O 6. O-O Re8 7. Nbd2 d6 8. Qe2
Nd4 9. Qd1 Bg4 10. c3 Nxf3+ 11. Nxf3 d5 12. h3 dxe4 13. dxe4 Bxf3 14. Qxf3 Qe7
15. Be3 Bxe3 16. Qxe3 b6 17. Rad1 Rad8 18. Rd3 Rxd3 19. Qxd3 Rd8 20. Qa6 c5 21.
Qe2 Qd6 22. Bf3 Qd3 23. Rd1 Qxd1+ 24. Qxd1 Rxd1+ 25. Bxd1 Nxe4 26. Bf3 Ng5 27.
Bg2 Ne6 28. h4 f6 29. Kf1 Kf7 30. Bd5 Ke7 31. Ke2 Kd6 32. c4 Nc7 33. Bg8 h6 34.
Ke3 Ne6 35. Ke4 g5 36. h5 Nd4 37. Bh7 a6 38. f4 exf4 39. gxf4 g4 {White resigns}
0-1

[Event "Team 45 45 League T52"]
[Site "Internet Chess Club"]
[Date "2012.02.17"]
[Round "1"]
[White "cys456"]
[Black "Portola"]
[Result "1-0"]
[WhiteElo "1739"]
[BlackElo "1713"]
[Opening "French: advance, Paulsen attack"]
[ECO "C02"]
[Time "19:07:52"]
[TimeControl "2700+45"]

1. e4 e6 2. d4 d5 3. e5 c5 4. c3 Nc6 5. Nf3 Qb6 6. a3 cxd4 7. cxd4 Nh6 8. b4 Nf5
9. Bb2 Be7 10. Bd3 Nh6 11. O-O O-O 12. Qc2 Nf5 13. Rd1 g6 14. Bxf5 exf5 15. Nc3
Be6 16. Na4 Qd8 17. Nc5 Qb6 18. Bc1 a5 19. Bd2 axb4 20. axb4 Rfc8 21. Rab1 Ra7
22. Nxe6 fxe6 23. b5 Qc7 24. b6 Qb8 25. bxa7 Qxa7 26. Qb2 Rc7 27. Qb6 Qb8 28.
Rdc1 Qc8 29. Ba5 Bd8 30. Qb2 Nxa5 31. Rxc7 Qxc7 32. Nd2 b6 33. Rc1 Qd7 34. Qc3
Qe7 35. Rb1 Qd7 36. Nb3 Nc4 37. Nd2 Na5 38. Rc1 Qe7 39. Qc8 Kf7 40. Rb1 h6 41.
Nb3 Nc4 42. Ra1 Qg5 43. Ra8 Qg4 44. f3 Qf4 45. Qxd8 Qe3+ 46. Kf1 Qd3+ 47. Kf2
Qe3+ 48. Kg3 f4+ 49. Kh3 g5 50. Qg8+ {Black resigns} 1-0

[Event "Team 45 45 League T52"]
[Site "Internet Chess Club"]
[Date "2012.02.16"]
[Round "1"]
[White "rubo"]
[Black "Mymas"]
[Result "0-1"]
[WhiteElo "1630"]
[BlackElo "1635"]
[Opening "Sicilian: closed"]
[ECO "B23"]
[Time "20:00:34"]
[TimeControl "2700+45"]

1. e4 c5 2. Nc3 d6 3. f4 Nc6 4. Nf3 Nf6 5. Bc4 e6 6. d3 g6 7. f5 d5 8. exd5 exd5
9. Qe2+ Be7 10. Bb5 Bxf5 11. Bh6 Ng4 12. Bg7 Rg8 13. Be5 d4 14. Bxc6+ bxc6 15.
Ne4 Ne3 16. c3 Bg4 17. cxd4 cxd4 18. Bxd4 Nxg2+ 19. Qxg2 Bxf3 20. Qxf3 Qxd4 21.
O-O-O Rb8 22. Qg2 f5 23. Nc3 Qxc3+ 24. bxc3 Ba3+ 25. Kd2 Rb2+ 26. Ke3 Rxg2 27.
Kf3 Rxa2 28. Rhe1+ Kf7 29. Re2 Rxe2 30. Kxe2 Re8+ 31. Kf2 Bb2 32. c4 Bd4+ 33.
Kf1 Re3 34. Rb1 Rxd3 35. Rb7+ Kf6 36. Rc7 c5 37. Rxh7 a5 38. Ra7 Rd2 39. Rxa5
Rxh2 40. Ke1 Bc3+ {White resigns} 0-1

[Event "Team 45 45 League T52"]
[Site "Internet Chess Club"]
[Date "2012.02.19"]
[Round "1"]
[White "ausya"]
[Black "GrandUnified"]
[Result "0-1"]
[WhiteElo "1562"]
[BlackElo "1648"]
[Opening "Caro-Kann: Panov-Botvinnik attack"]
[ECO "B13"]
[Time "19:19:12"]
[TimeControl "2700+45"]

1. e4 c6 2. d4 d5 3. exd5 cxd5 4. c4 Bf5 5. Nc3 e6 6. Nf3 dxc4 7. Bxc4 a6 8. a4
Nf6 9. O-O Bb4 10. Be3 O-O 11. Na2 Nc6 12. Nxb4 Nxb4 13. Rc1 Nfd5 14. Bxd5 Nxd5
15. Qb3 Rb8 16. Bg5 Qd6 17. Bh4 Qb6 18. Qxb6 Nxb6 19. a5 Nd5 20. Ne5 Rbc8 21.
Nd7 Rfe8 22. Nc5 Rb8 23. Bg3 Rbc8 24. Nxb7 Bd3 25. Rfe1 Kf8 26. Bd6+ Kg8 27. Nc5
Bb5 28. f4 Rc6 29. Ne4 Rec8 30. Rxc6 Rxc6 31. Bc5 Nxf4 32. Nd6 Ne2+ 33. Kf2 Nxd4
34. Nxb5 Nxb5 35. Rd1 h6 36. b4 Nc3 37. Re1 Nd5 38. Kf3 g5 39. g3 f5 40. Re5 g4+
41. Ke2 Nc3+ 42. Kd3 Nb5 43. Kc4 Kf7 44. Re1 Kf6 45. Kd3 e5 46. Rf1 Nd6 47. Re1
Ne4 48. Rxe4 fxe4+ 49. Kxe4 Ke6 50. Bb6 Rc4+ 51. Kd3 Rxb4 52. Kc3 Rb1 53. Kc4
Rc1+ 54. Kd3 Rh1 55. Kc4 Rxh2 56. Kc5 Rc2+ 57. Kb4 Rg2 58. Kc5 Rxg3 59. Kc6 h5
60. Kb7 h4 61. Bf2 Rb3+ 62. Kxa6 g3 63. Bg1 h3 {White resigns} 0-1